 Dungeon Crawl Stone Soup version 0.23-a0-435-g79ed067 (webtiles) character file.

42 nikopol the Firebug (level 3, -3/19 HPs)
             Began as a Deep Elf Fire Elementalist on Nov 15, 2018.
             Slain by an orc
             ... wielding a +0 club
              (5 damage)
             ... on level 2 of the Dungeon.
             The game lasted 00:02:31 (1346 turns).

nikopol the Firebug (Deep Elf Fire Elementalist)    Turns: 1346, Time: 00:02:31

Health: -3/19      AC:  2    Str:  5    XL:     3   Next: 33%
Magic:  3/10       EV: 13    Int: 20    God:
Gold:   19         SH:  0    Dex: 15    Spells: 3/9 levels left

rFire    + . .     SeeInvis .   (no weapon)
rCold    . . .     Gourm    .   (no shield)
rNeg     + . .     Faith    .   a - +0 robe
rPois    .         Spirit   .   (no helmet)
rElec    .         Reflect  .   (no cloak)
rCorr    .         Harm     .   (no gloves)
MR       .....                  (no boots)
Stlth    ++........             k - amulet of regeneration
HPRegen  0.46/turn              f - ring of positive energy
MPRegen  0.12/turn              j - ring of protection from fire

@: no status effects
A: no striking features
a: no special abilities


You were on level 2 of the Dungeon.
You were not hungry.

You visited 1 branch of the dungeon, and saw 2 of its levels.

You collected 19 gold pieces.

Inventory:

Armour
 a - a +0 robe (worn)
Jewellery
 f - a ring of positive energy (left hand)
 j - a ring of protection from fire (right hand)
 k - an amulet of regeneration (around neck)
Scrolls
 b - a scroll of teleportation {unknown}
 d - 6 scrolls of identify {unknown}
 i - a scroll of immolation {unknown}
Potions
 e - 2 potions of flight {unknown}
 g - a potion of lignification {unknown}
 h - a potion of cancellation {unknown}
Comestibles
 c - 4 rations
 l - 2 chunks of flesh


   Skills:
 + Level 2.6 Dodging
 + Level 3.2 Stealth
 + Level 3.7 Spellcasting
 + Level 1.2 Conjurations
 + Level 3.9 Fire Magic


You had 3 spell levels left.
You knew the following spells:

 Your Spells              Type           Power        Failure   Level  Hunger
a - Flame Tongue          Conj/Fire      ##...        4%          1    None
b - Throw Flame           Conj/Fire      ##....       7%          2    ##.....
c - Conjure Flame         Conj/Fire      ##......     14%         3    ###....

Your spell library contained the following spells:

 Spells                   Type           Power        Failure   Level  Hunger
 Inner Flame              Hex/Fire       ##......     17%         3    ###....
 Sticky Flame             Conj/Fire      ##......     41%         4    ####...
 Fireball                 Conj/Fire      ##........   77%         5    ######.


Dungeon Overview and Level Annotations

Branches:
Dungeon (2/15)

Altars:


Message History

Aiming: Flame Tongue (safe; 4% risk of failure)
Press: ? - help, Shift-Dir - straight line, f/p - orc priest
Aim: an orc priest, wielding a +0 falchion The flame tongue hits the orc priest.
The orc priest is moderately wounded.
The orc priest invokes the aid of Beogh against you.
Pain shoots through your body!
* * * LOW HITPOINT WARNING * * *
The orc hits you with a +0 club.
* * * LOW HITPOINT WARNING * * *
Casting: Flame Tongue (safe; 4% risk of failure)
Confirm with . or Enter, or press ? or * to list all spells.
Aiming: Flame Tongue (safe; 4% risk of failure)
Press: ? - help, Shift-Dir - straight line, f/p - orc priest
Aim: an orc priest, wielding a +0 falchion (moderately wounded)
The flame tongue hits the orc priest.
The orc priest is moderately wounded.
The orc priest calls upon Beogh to heal the orc.
The orc's wounds heal themselves!
The orc hits you with a +0 club.
You die...

#### . ########...# ..
##.....##.>.## ...
..#####............. .!..
.........###.##...##
..... .#####†.# #.##.....
......#### #.## #.##.....
.....[o)o###.# #........
.......#@.##.## ###..<...
.......##÷....#####......
..o.o.. ####.............
....... #.#####.......
....... #.# ######..
......# ..# ### .....#
#.## # # .. #.. ... #.(.#


You could see an orc priest and an orc.

Vanquished Creatures
  A worm (D:2)
  2 dart slugs (D:1)
  2 orcs (D:2)
  A giant cockroach (D:1)
  4 goblins
  4 hobgoblins
  2 jackals (D:1)
  4 kobolds
  A quokka (D:2)
  4 bats (D:1)
  A frilled lizard (D:2)
  5 rats
31 creatures vanquished.

Notes
Turn   | Place    | Note
-------+----------+-------------------------------------------
     0 | D:1      | nikopol the Deep Elf Fire Elementalist began the quest for
                  | the Orb.
     0 | D:1      | Reached XP level 1. HP: 10/10 MP: 6/6
   127 | D:1      | Reached XP level 2. HP: 15/15 MP: 0/8
  1104 | D:2      | Reached XP level 3. HP: 19/19 MP: 5/10
  1330 | D:2      | Learned a level 2 spell: Throw Flame
  1334 | D:2      | Learned a level 3 spell: Conjure Flame
  1346 | D:2      | Slain by an orc

Vault maps used:
D:1:      grunt_arrival_crossed_arrows
D:2:      serial_corexii_hall, chequers_hall_statues_corner_a,
          corexii_hall_statues_l

Skill      XL: |  1  2  3 |
---------------+----------+-----
Stealth        | 3 |  3.2
Dodging        | |  2.6
Spellcasting   | |  3.7
Conjurations   | |  1.2
Fire Magic     | |  3.9

Action                   || total
-------------------------++-------
 Cast: Flame Tongue      ||    56
  Eat: Chunk             ||     1
Armor: Robe              ||     2
Dodge: Dodged            ||    17

Table legend:
 A = Non-vault XP
 B = Vault XP
 C = Vault XP percentage of total XP
 D = Non-vault monster count
 E = Vault monster count
 F = Vault count percentage of total count
                 A         B        C        D         E       F
            +---------+---------+-------+---------+---------+-------
      Total |      60 |       0 |   0.0 |      31 |       0 |   0.0
            +---------+---------+-------+---------+---------+-------
        D:1 |      34 |       0 |   0.0 |      19 |       0 |   0.0
        D:2 |      26 |       0 |   0.0 |      12 |       0 |   0.0
            +---------+---------+-------+---------+---------+-------
